 Dungeon Crawl Stone Soup version 0.30-a0-723-gc1506a1cf0 (webtiles) character file.

Game seed: 10760933703875815188

11 kbot the Trooper (level 2, -2/27 HPs)
             Began as a Minotaur Berserker on Jan 28, 2023.
             Was a Follower of Trog.
             Slain by a gnoll
             ... wielding a +0 spear
              (7 damage)
             ... on level 2 of the Dungeon.
             The game lasted 00:01:58 (183 turns).

kbot the Trooper (Minotaur Berserker)                Turns: 183, Time: 00:01:59

Health: -2/27      AC:  2    Str: 20    XL:     2   Next: 13%
Magic:  0/1        EV: 12    Int:  8    God:    Trog [*.....]
Gold:   16         SH:  0    Dex:  8    Spells: 1/1 levels left

rFire   . . .      SeeInvis .    a - +0 hand axe
rCold   . . .      Faith    .    (no shield)
rNeg    . . .      Spirit   +    b - +0 animal skin
rPois   .          Reflect  .    (helmet restricted)
rElec   .          Harm     .    (no cloak)
rCorr   .          Rampage  .    (no gloves)
Will    .....                    (no boots)
Stlth   +                        c - amulet of guardian spirit
HPRegen 0.24/turn                (no ring)
MPRegen 0.07/turn                (no ring)

@: no status effects
A: horns 2, retaliatory headbutt, clever 1
a: Renounce Religion, Berserk


You were on level 2 of the Dungeon.
You worshipped Trog.
Trog was aware of your devotion.
You visited 1 branch of the dungeon, and saw 2 of its levels.

You collected 16 gold pieces.

Inventory:

Hand Weapons
 a - a +0 hand axe (weapon)
Armour
 b - a +0 animal skin (worn)
Jewellery
 c - an amulet of guardian spirit (around neck)


   Skills:
 + Level 4.0 Fighting
 + Level 4.0 Axes
 + Level 2.5 Armour
 + Level 2.3 Dodging


You had one spell level left.
You didn't know any spells.
Your spell library was empty.

Dungeon Overview and Level Annotations

Branches:
Dungeon (1/15)

Altars:
Gozag


Innate Abilities, Weirdness & Mutations

You have a pair of horns on your head.
You reflexively headbutt those who attack you in melee.
Your mind is acute. (Int +4, Str/Dex -1)


Message History

Press < or > to pray at altars.
A hobgoblin comes into view.
The hobgoblin shouts!
You hit the hobgoblin.
The hobgoblin is heavily wounded.
The hobgoblin barely misses you.
You hit the hobgoblin.
You kill the hobgoblin!
Trog accepts your kill.
Your Axes skill increases to level 4!
d - a scroll labelled ITARATHR BORGHY
As you read the scroll labelled ITARATHR BORGHY, it crumbles to dust.
It is a scroll of identify.
You don't currently have any unidentified items.
Unknown command.
You open the door.
There is an open door here. 3 gnolls come into view.
The gnoll shouts! x2; You hear a shout!
A gnoll comes into view. It is wielding a +1 heavy spear.
The gnoll shouts!
Found a sedimented white potion.
Found a stone staircase leading down.
The gnoll hits you with a +0 flail!
You closely miss the gnoll. The gnoll misses you. You furiously retaliate!
You headbutt the gnoll, but do no damage.
There is an open door here.
The gnoll closely misses you. The gnoll hits you with a +0 spear.
The gnoll barely misses you. The gnoll misses you.
You hit the gnoll.
The gnoll is lightly wounded.
You closely miss the gnoll. The gnoll closely misses you.
The gnoll barely misses you. You furiously retaliate!
You headbutt the gnoll. The gnoll hits you with a +0 flail.
The gnoll hits you from afar with a +0 spear.
The gnoll attacks as you move away! The gnoll hits you with a +0 flail.
The gnoll attacks as you move away! The gnoll hits you with a +0 spear.
* * * LOW HITPOINT WARNING * * *
The gnoll hits you from afar with a +0 spear!
You die...

!### ..# ..## # ##..#
.## ##...# #.###.g.g#
##.######..#gg##.g.g...
#......##.#.#g# ######.
#..# #......#@#
#..###.....##'##
#..##..._..#...##
#..#............##
#....#...........#
####....#.##.........#
...........+..(......+
#####...####.........#
####..## ##.......##


You could see 4 gnolls.

Vanquished Creatures
  A dart slug (D:1)
  2 goblins (D:2)
  A hobgoblin (D:2)
  A kobold (D:1)
  A quokka (D:2)
  2 ball pythons (D:2)
8 creatures vanquished.

Notes
Turn   | Place    | Note
-------+----------+-------------------------------------------
     0 | D:1      | kbot the Minotaur Berserker began the quest for the Orb.
     0 | D:1      | Reached XP level 1. HP: 19/19 MP: 0/0
    74 | D:1      | You fall into a shaft and drop 1 floor!
   104 | D:2      | Gained mutation: Your mind is acute. (Int +4, Str/Dex -1)
                  | [potion of mutation]
   114 | D:2      | Reached XP level 2. HP: 24/27 MP: 1/1
   118 | D:2      | Found an opulent altar of Gozag.
   183 | D:2      | Slain by a gnoll

Illustrated notes

Levels and vault maps discovered:
D:1:      mrwooster_arrival_statue_3, layout_rooms
D:2:      layout_loops_corners, basic_altar, amcnicky_mini_rare_corridor_liquid,
          small_statue_intersection, uniq_terence

Skill      XL: |  1  2 |
---------------+-------+-----
Fighting       | 4 |  4.0
Axes           | 4 |  4.0
Armour         | |  2.5
Dodging        | |  2.3

Action                     || total
---------------------------++-------
  Melee: Hand axe          ||     9
    Use: Potion            ||     2
         Scroll            ||     1
  Dodge: Dodged            ||    13

Table legend: (Time is in decaauts)
 A = Elapsed time spent in this place.
 B = Non-inter-level travel time spent in this place.
 C = Inter-level travel time spent in this place.
 D = Time resting spent in this place.
 E = Time spent auto-exploring this place.
 F = Levels seen in this place.
 G = Mean time per level.
                   A        B        C        D        E       F      G
               +--------+--------+--------+--------+--------+-----+--------+
         Total |    183 |    183 |      0 |      0 |      0 |   2 |   91.5 |
       Dungeon |    183 |    183 |      0 |      0 |      0 |   2 |   91.5 |
               +--------+--------+--------+--------+--------+-----+--------+

Top non-repeatable levels by time:
     D:2: 109 daAuts
     D:1: 74 daAuts
